 Dungeon Crawl Stone Soup version 0.25.0-9-g26727b657a (webtiles) character file.

Game seed: 255573337954537176

65 mopl the Chopper (level 3, 1/27 HPs)
             Began as a Demonspawn Gladiator on June 18, 2020.
             Was a Follower of Nemelex Xobeh.
             Quit the game on level 2 of the Dungeon.
             The game lasted 00:02:19 (1811 turns).

mopl the Chopper (Demonspawn Gladiator)             Turns: 1811, Time: 00:02:20

Health: 1/27       AC:  3    Str: 15    XL:     3   Next: 94%
Magic:  3/4        EV: 12    Int: 15    God:    Nemelex Xobeh [*.....]
Gold:   39         SH:  0    Dex: 14    Spells: 2/2 levels left

rFire    + . .     SeeInvis .   a - +0 war axe
rCold    + . .     Gourm    .   (no shield)
rNeg     . . .     Faith    .   b - +0 leather armour
rPois    +         Spirit   .   (helmet restricted)
rElec    +         Reflect  .   i - scarf {harm}
rCorr    +         Harm     .   (no gloves)
MR       .....                  (no boots)
Stlth    ..........             (no amulet)
HPRegen  0.09/turn              g - +6 ring of intelligence
MPRegen  0.09/turn              l - ring of attention (curse)

@: lethally poisoned (1 -> -6), resistant, hasted, very quick
A: antennae 1, powered by pain 1
a: Draw Escape, Draw Destruction, Draw Summoning, Renounce Religion


You were on level 2 of the Dungeon.
You worshipped Nemelex Xobeh.
Nemelex Xobeh was aware of your devotion.
You were not hungry.

You visited 1 branch of the dungeon, and saw 2 of its levels.

You collected 39 gold pieces.

Inventory:

Hand Weapons
 a - a +0 war axe (weapon)
Missiles
 d - 3 throwing nets (quivered)
 h - 14 poisoned darts
Armour
 b - a +0 leather armour (worn)
 c - a +0 helmet
 i - a scarf of harm (worn)
Jewellery
 g - a +6 ring of intelligence (left hand)
 l - a cursed ring of attention (right hand)
Scrolls
 j - a scroll of fear {unknown}
 k - a scroll of teleportation {unknown}
Comestibles
 f - 5 rations


   Skills:
 - Level 2.0 Fighting
 + Level 4.2 Axes
 - Level 1.7 Throwing
 - Level 2.6 Dodging
 + Level 1.4 Invocations


You had 2 spell levels left.
You didn't know any spells.
Your spell library was empty.

Dungeon Overview and Level Annotations

Branches:
Dungeon (2/15)

Altars:
Nemelex Xobeh


Innate Abilities, Weirdness & Mutations

You have a pair of small antennae on your head.
You sometimes gain a little power by taking damage.


Message History

Your Invocations skill increases to level 1!
You closely miss the goblin.
* * * LOW HITPOINT WARNING * * *
You feel sick. The goblin barely misses you.
You hit the goblin.
The goblin is heavily wounded.
* * * LOW HITPOINT WARNING * * *
You feel sick. The goblin hits you with a +0 club.
* * * LOW HITPOINT WARNING * * *
You barely miss the goblin.
The goblin is heavily wounded.
You slash the goblin!
You kill the goblin!
* * * LOW HITPOINT WARNING * * *
You feel sick.
You barely miss the kobold.
* * * LOW HITPOINT WARNING * * *
You feel sick. The kobold hits you but does no damage.
You closely miss the kobold. The kobold misses you.
Are you sure you want to abandon this character and quit the game? (Confirm with "yes".)

##################
.................#
################.#
#.# #@# ##K#######
#.g......#
{#.)......#
#...>....#
#........# #
#........# ..##.
#........#
()...[#.......>#


You could see a goblin and a kobold.

Vanquished Creatures
  An adder (D:2)
  An ooze (D:1)
  A worm (D:2)
  A dart slug (D:1)
  2 leopard geckos
  8 bats
  2 giant cockroaches
  3 goblins
  4 hobgoblins
  6 jackals (D:1)
  6 frilled lizards
  5 kobolds
  3 rats
43 creatures vanquished.

Notes
Turn   | Place    | Note
-------+----------+-------------------------------------------
     0 | D:1      | mopl the Demonspawn Gladiator began the quest for the Orb.
     0 | D:1      | Reached XP level 1. HP: 16/16 MP: 1/1
    78 | D:1      | Reached skill level 3 in Axes
   484 | D:1      | Gained mutation: You sometimes gain a little power by
                  | taking damage. [demonic ancestry]
   484 | D:1      | Reached XP level 2. HP: 21/22 MP: 2/2
  1009 | D:1      | Gained mutation: You have a pair of small antennae on your
                  | head. [demonic ancestry]
  1009 | D:1      | Reached XP level 3. HP: 22/27 MP: 3/3
  1057 | D:1      | Reached skill level 4 in Axes
  1452 | D:2      | Found a faded altar of an unknown god.
  1457 | D:2      | Became a worshipper of Nemelex Xobeh the Trickster
  1457 | D:2      | Received a gift from Nemelex Xobeh
  1457 | D:2      | Reached * piety under Nemelex Xobeh
  1457 | D:2      | Received a gift from Nemelex Xobeh
  1804 | D:2      | Reached skill level 1 in Invocations
  1809 | D:2      | HP: 1/27 [poisoned by an adder]
  1811 | D:2      | Quit the game

Illustrated notes

Levels and vault maps discovered:
D:1:      lordsloth_arrival_two_stooges, layout_basic
D:2:      layout_rooms, first_ration, chequers_ecumenical_altar_lobes,
          minmay_pentomino_p4

Skill      XL: |  1  2  3 |
---------------+----------+-----
Axes           | 3 4 |  4.2
Invocations    | 1 |  1.4
Fighting       | |  2.0
Throwing       | |  1.7
Dodging        | |  2.6

Action                   || total
-------------------------++-------
Melee: War axe           ||   126
  Use: Potion            ||     2
 Stab: Sleeping          ||     4
  Eat: Chunk             ||     3
Armor: Leather armour    ||    40
Dodge: Dodged            ||   107
